 Dungeon Crawl Stone Soup version 0.29.0-4-gdea44cf6ec (webtiles) character file.

Game seed: 9656572402300446179

88 qw the Trooper (level 4, 0/45 HPs)
             Began as an Ogre Enchanter on Sept 3, 2022.
             Succumbed to a goblin's poison
             ... on level 2 of the Dungeon.
             The game lasted 00:01:23 (2104 turns).

qw the Trooper (Ogre Enchanter)                     Turns: 2104, Time: 00:01:24

Health: 0/45       AC:  3    Str: 14    XL:     4   Next: 53%
Magic:  7/7        EV:  9    Int: 16    God:
Gold:   89         SH:  0    Dex:  9    Spells: 7/7 levels left

rFire   . . .      SeeInvis .   Y - +0 spear
rCold   . . .      Faith    .   (no shield)
rNeg    . . .      Spirit   .   b - +0 robe
rPois   .          Reflect  .   (helmet restricted)
rElec   .          Harm     .   (no cloak)
rCorr   .          Rampage  .   (gloves unavailable)
Will    .....                   (boots unavailable)
Stlth   ++........              (no amulet)
HPRegen 0.15/turn               (no ring)
MPRegen 0.10/turn               (no ring)

@: lethally poisoned (0 -> -3)
A: large, unfitting armour, tough skin 1
a: no special abilities


You were on level 2 of the Dungeon.
You visited 1 branch of the dungeon, and saw 2 of its levels.

You collected 115 gold pieces.
You spent 26 gold pieces at shops.


Innate Abilities, Weirdness & Mutations

You are too large for most types of armour.
You have tough skin. (AC +1)


   Skills:
 - Level 3.1 Fighting
 - Level 0.8 Short Blades
 + Level 3.0 Axes
 - Level 1.7 Dodging
 - Level 2.1 Stealth
 - Level 2.4 Spellcasting
 - Level 2.6 Hexes


You had 7 spell levels left.
You didn't know any spells.
Your spell library contained the following spells:

 Spells                   Type           Power      Damage    Failure   Level
 Ensorcelled Hibernation  Hex/Ice        12%        N/A       17%         2
 Confusing Touch          Hex            10%        N/A       21%         3
 Tukima's Dance           Hex            10%        N/A       21%         3
 Dazzling Flash           Conj/Hex       12%        N/A       34%         3

Inventory:

Hand Weapons
 Y - a +0 spear (weapon)
Missiles
 g - a boomerang (quivered)
Armour
 b - a +0 robe (worn)
Jewellery
 c - an amulet of reflection
Scrolls
 a - a scroll of noise {unknown}
 e - a scroll of identify
Potions
 d - a potion of might {unknown}

Dungeon Overview and Level Annotations

Branches:
Dungeon (2/15)

Altars:

Shops:
D:1 *


Message History

2092 ||| Stepping ~*~*~tactically~*~*~ (outnumbered).
You feel very sick.
2093 ||| Stepping ~*~*~tactically~*~*~ (outnumbered).
You feel very sick.
2094 ||| Stepping ~*~*~tactically~*~*~ (outnumbered).
The goblin attacks as you move away! The goblin hits you but does no damage.
You feel sick.
2095 ||| Stepping ~*~*~tactically~*~*~ (outnumbered).
You feel sick.
2096 ||| Stepping ~*~*~tactically~*~*~ (outnumbered).
The goblin attacks as you move away! The goblin barely misses you.
You feel sick.
2097 ||| Stepping ~*~*~tactically~*~*~ (outnumbered).
The goblin attacks as you move away!
The goblin hits you with a +1 dagger of venom.
You are more poisoned.
You feel very sick.
2098 ||| Stepping ~*~*~tactically~*~*~ (outnumbered).
The goblin attacks as you move away! The goblin hits you but does no damage.
You feel very sick.
You closely miss the goblin.
The goblin is moderately wounded.
You feel sick.
The goblin hits you with a +1 dagger of venom.
The goblin hits you with a +0 dagger.
You hit the goblin.
You kill the goblin!
You feel sick. The goblin hits you but does no damage.
You barely miss the goblin.
You feel sick. The goblin closely misses you.
You hit the goblin.
You kill the goblin!
You feel sick.
The goblin hits you with a +0 dagger. x2
You hit the goblin.
The goblin is moderately wounded.
You feel sick. The goblin hits you but does no damage.
The goblin hits you with a +0 dagger.
You hit the goblin.
You kill the goblin!
You die...

##...##.# #...
#..(##.# #...
#...##.# #...
#....#.# #...
#....#.########...
#....#............
#..........####...
#))...####.# #....
#@g....###.# #.#.#
#####....#.# #.#.#
#.##.#.# #.#.#
#.##.#.# #.#.#
#.####.##...###.#.#
#........#...##.#.#
#........##.....#.#
#.......[#####....#
#........# ###..#


You could see a goblin.

Vanquished Creatures
  Jessica (D:2)
  A gnoll (D:1)
  An adder (D:2)
  A worm (D:2)
  A dart slug (D:1)
  4 bats (D:1)
  An endoplasm (D:1)
  2 giant cockroaches (D:1)
  11 goblins
  2 hobgoblins (D:1)
  5 kobolds
  A quokka (D:1)
  4 ball pythons (D:1)
  A frilled lizard (D:1)
  A rat (D:2)
37 creatures vanquished.

Notes
Turn   | Place    | Note
-------+----------+-------------------------------------------
     0 | D:1      | qw the Ogre Enchanter began the quest for the Orb.
     0 | D:1      | Reached XP level 1. HP: 16/16 MP: 3/3
     0 | D:1      | 0 ||| qw: Version: 0.1-a-102-g441f92d
     0 | D:1      | 0 ||| qw: Game counter: 5163
     0 | D:1      | 0 ||| qw: Always use a shield: true
     0 | D:1      | 0 ||| qw: God list: Okawaru
     0 | D:1      | 0 ||| qw: Allow faded altars: false
     0 | D:1      | 0 ||| qw: Do Orc after D:15 true
     0 | D:1      | 0 ||| qw: Do second Lair branch before Depths: true
     0 | D:1      | 0 ||| qw: Lair rune preference: random
     0 | D:1      | 0 ||| qw: Plans: Normal
     0 | D:1      | 0 ||| PLANNING D:1-11
   134 | D:1      | Reached skill level 1 in Axes
   202 | D:1      | 202 ||| Stepping ~*~*~tactically~*~*~ (stealth).
   208 | D:1      | Reached skill level 1 in Fighting
   208 | D:1      | Reached XP level 2. HP: 26/27 MP: 5/5
   217 | D:1      | 217 ||| Stepping ~*~*~tactically~*~*~ (stealth).
   220 | D:1      | 220 ||| SWAPPING to +0 club.
   221 | D:1      | 221 ||| DROPPING +1 dagger.
   222 | D:1      | 222 ||| Stepping ~*~*~tactically~*~*~ (stealth).
   223 | D:1      | 223 ||| Stepping ~*~*~tactically~*~*~ (stealth).
   254 | D:1      | 254 ||| SWAPPING to +0 spear.
   255 | D:1      | 255 ||| DROPPING +0 club.
   339 | D:1      | Found Huorr's General Store.
   347 | D:1      | 347 ||| BUYING scroll of identify (26 gold).
   347 | D:1      | Bought a scroll of identify for 26 gold pieces
   347 | D:1      | 347 ||| SHOPLISTING scroll of identify (26 gold, have 19).
   392 | D:1      | Found a faded altar of an unknown god.
   399 | D:1      | 399 ||| Stepping ~*~*~tactically~*~*~ (stealth).
   402 | D:1      | 402 ||| Stepping ~*~*~tactically~*~*~ (outnumbered).
   403 | D:1      | 403 ||| Stepping ~*~*~tactically~*~*~ (outnumbered).
   543 | D:1      | 543 ||| Stepping ~*~*~tactically~*~*~ (stealth).
   555 | D:1      | 555 ||| Stepping ~*~*~tactically~*~*~ (stealth).
   566 | D:1      | 566 ||| Stepping ~*~*~tactically~*~*~ (stealth).
   570 | D:1      | 570 ||| Stepping ~*~*~tactically~*~*~ (outnumbered).
   572 | D:1      | 572 ||| Stepping ~*~*~tactically~*~*~ (outnumbered).
   692 | D:1      | Reached XP level 3. HP: 24/35 MP: 6/6
   862 | D:1      | 862 ||| Stepping ~*~*~tactically~*~*~ (stealth).
   863 | D:1      | 863 ||| Stepping ~*~*~tactically~*~*~ (stealth).
   865 | D:1      | 865 ||| Stepping ~*~*~tactically~*~*~ (stealth).
  1285 | D:1      | 1285 ||| DROPPING amulet of faith.
  1286 | D:1      | 1286 ||| READING 2 scrolls labelled YREOXE FACAASA.
  1287 | D:1      | 1287 ||| READING 2 scrolls of identify.
  1287 | D:1      | 1287 ||| IDENTIFYING sapphire potion
  1288 | D:1      | 1288 ||| DROPPING potion of attraction.
  1289 | D:1      | 1289 ||| DROPPING 2 potions of invisibility.
  1290 | D:1      | 1290 ||| DROPPING scroll of poison.
  1291 | D:1      | 1291 ||| Stepping randomly (stuck).
  1292 | D:1      | 1292 ||| Stepping ~*~*~tactically~*~*~ (cloud).
  1604 | D:2      | 1604 ||| Stepping ~*~*~tactically~*~*~ (reaching).
  1606 | D:2      | 1606 ||| Stepping ~*~*~tactically~*~*~ (reaching).
  1608 | D:2      | 1608 ||| Stepping ~*~*~tactically~*~*~ (reaching).
  1609 | D:2      | 1609 ||| Stepping ~*~*~tactically~*~*~ (reaching).
  1611 | D:2      | 1611 ||| Stepping ~*~*~tactically~*~*~ (reaching).
  1612 | D:2      | 1612 ||| Stepping ~*~*~tactically~*~*~ (reaching).
  1614 | D:2      | 1614 ||| Stepping ~*~*~tactically~*~*~ (reaching).
  1616 | D:2      | 1616 ||| Stepping ~*~*~tactically~*~*~ (reaching).
  1617 | D:2      | 1617 ||| Stepping ~*~*~tactically~*~*~ (reaching).
  1619 | D:2      | 1619 ||| Stepping ~*~*~tactically~*~*~ (reaching).
  1621 | D:2      | 1621 ||| Stepping ~*~*~tactically~*~*~ (reaching).
  1622 | D:2      | 1622 ||| Stepping ~*~*~tactically~*~*~ (reaching).
  1624 | D:2      | 1624 ||| Stepping ~*~*~tactically~*~*~ (reaching).
  1730 | D:2      | 1730 ||| Stepping ~*~*~tactically~*~*~ (stealth).
  1736 | D:2      | 1736 ||| FLEEEEING.
  1737 | D:2      | 1737 ||| FLEEEEING.
  1738 | D:2      | 1738 ||| FLEEEEING.
  1739 | D:2      | 1739 ||| FLEEEEING.
  1740 | D:2      | 1740 ||| FLEEEEING.
  1741 | D:2      | 1741 ||| FLEEEEING.
  1742 | D:2      | 1742 ||| FLEEEEING.
  1743 | D:2      | 1743 ||| FLEEEEING.
  1745 | D:2      | 1745 ||| FLEEEEING.
  1812 | D:2      | Reached skill level 3 in Axes
  1980 | D:2      | Noticed Jessica
  1983 | D:2      | Reached XP level 4. HP: 42/42 MP: 7/7
  1985 | D:2      | 1985 ||| Stepping ~*~*~tactically~*~*~ (stealth).
  1995 | D:2      | Killed Jessica
  1996 | D:2      | Reached skill level 3 in Fighting
  2085 | D:2      | 2085 ||| Stepping ~*~*~tactically~*~*~ (hiding).
  2091 | D:2      | 2091 ||| Stepping ~*~*~tactically~*~*~ (outnumbered).
  2092 | D:2      | 2092 ||| Stepping ~*~*~tactically~*~*~ (outnumbered).
  2093 | D:2      | 2093 ||| Stepping ~*~*~tactically~*~*~ (outnumbered).
  2094 | D:2      | 2094 ||| Stepping ~*~*~tactically~*~*~ (outnumbered).
  2095 | D:2      | 2095 ||| Stepping ~*~*~tactically~*~*~ (outnumbered).
  2096 | D:2      | 2096 ||| Stepping ~*~*~tactically~*~*~ (outnumbered).
  2097 | D:2      | 2097 ||| Stepping ~*~*~tactically~*~*~ (outnumbered).
  2098 | D:2      | 2098 ||| Stepping ~*~*~tactically~*~*~ (outnumbered).
  2099 | D:2      | HP: 11/45 [goblin/+1 dagger of venom[Robin] (2)]
  2101 | D:2      | HP: 5/45 [poisoned by a goblin]
  2103 | D:2      | HP: 2/45 [poisoned by a goblin]
  2104 | D:2      | Succumbed to a goblin's poison

Levels and vault maps discovered:
D:1:      dpeg_arrival_tiny_f, layout_basic, serial_shops, shop,
          chequers_ecumenical_altar_simple_redux, nicolae_grassy_gnolls
D:2:      layout_basic, uniq_robin, uniq_jessica

Skill      XL: |  1  2  3  4 |
---------------+-------------+-----
Axes           | 1 2 3 |  3.0
Fighting       | 1 2 3 |  3.1
Short Blades   | |  0.8
Dodging        | |  1.7
Stealth        | |  2.1
Spellcasting   | |  2.4
Hexes          | |  2.6

Action                   |  1- 3 |  4- 6 || total
-------------------------+-------+-------++-------
Melee: Dagger            |    22 |       ||    22
       Spear             |   124 |    16 ||   140
       Club              |     3 |       ||     3
Throw: Boomerang         |    20 |       ||    20
  Use: Scroll            |     2 |       ||     2
Armor: Robe              |    64 |     5 ||    69
Dodge: Dodged            |    69 |     3 ||    72

Table legend:
 A = Non-vault XP
 B = Vault XP
 C = Vault XP percentage of total XP
 D = Non-vault monster count
 E = Vault monster count
 F = Vault count percentage of total count
                 A         B        C        D         E       F
            +---------+---------+-------+---------+---------+-------
      Total |      69 |      59 |  46.1 |      31 |       6 |  16.2
            +---------+---------+-------+---------+---------+-------
        D:1 |      40 |      14 |  25.9 |      23 |       1 |   4.2
        D:2 |      29 |      45 |  60.8 |       8 |       5 |  38.5
            +---------+---------+-------+---------+---------+-------
